 Dungeon Crawl Stone Soup version 0.30.0-29-ga12c61a403 (webtiles) character file.

Game seed: 18013577665896215152

20 Heoruswealwe the Magician (level 2, -2/15 HPs)
             Began as a Deep Elf Earth Elementalist on June 23, 2023.
             Slain by a gnoll
             ... wielding a +0 whip of electrocution
              (6 damage)
             ... on level 2 of the Dungeon.
             The game lasted 00:07:54 (578 turns).

Heoruswealwe the Magician (DEEE)                     Turns: 578, Time: 00:07:54

Health: -2/15      AC:  2    Str:  5    XL:     2   Next: 58%
Magic:  6/8        EV: 12    Int: 19    God:
Gold:   62         SH:  0    Dex: 15    Spells: 5/8 levels left

rFire   . . .        b - +0 war axe
rCold   . . .        (no shield)
rNeg    . . .        c - +0 robe
rPois   .            (no helmet)
rElec   .            (no cloak)
rCorr   .            (no gloves)
SInv    .            (no boots)
Will    +....        (no amulet)
Stlth   ++           k - ring of willpower
HPRegen 0.22/turn    (no ring)
MPRegen 0.11/turn

%: no passive effects
@: no status effects
A: no striking features
a: no special abilities


You were on level 2 of the Dungeon.
You visited 1 branch of the dungeon, and saw 2 of its levels.

You collected 62 gold pieces.

Inventory:

Hand Weapons
 b - a +0 war axe (weapon)
Armour
 c - a +0 robe (worn)
Magical Staves
 n - a staff of fire
Jewellery
 k - a ring of willpower (left hand)
Scrolls
 f - a scroll of brand weapon {unknown}
 g - a scroll of immolation {unknown}
 i - a scroll of poison {unknown}
 j - a scroll of fog {unknown}
 l - 3 scrolls of identify {unknown}
 m - a scroll of vulnerability {unknown}
Potions
 a - a potion of magic
 d - a potion of cancellation {unknown}
 e - a potion of curing {unknown}
 h - 2 potions of heal wounds {unknown}


   Skills:
 - Level 2.4 Dodging
 - Level 2.4 Stealth
 + Level 3.8 Spellcasting
 - Level 1.1 Transmutations
 + Level 3.8 Earth Magic


You had 5 spell levels left.
You knew the following spells:

 Your Spells              Type           Power      Damage    Failure   Level
a - Sandblast             Erth           36%        2d10      2%          1
z - Passwall              Tmut/Erth      10%        N/A       8%          2

Your spell library contained the following spells:

 Spells                   Type           Power      Damage    Failure   Level
 Stone Arrow              Conj/Erth      22%        3d8       19%         3
 Vhi's Electric Charge    Tloc/Air       6%         N/A       38%         3
 Petrify                  Tmut/Erth      13%        N/A       45%         4
 Arcjolt                  Conj/Air       1%         1d11      98%         5
 Plasma Beam              Fire/Air       1%         2x1d12    100%        6


Dungeon Overview and Level Annotations

Branches:
Dungeon (2/15)

Altars:


Message History

You see here a +0 mace.
There is a faded altar of an unknown god here.
You see here a +0 dagger.
l - a +0 dagger You drop a +0 dagger.
There is a faded altar of an unknown god here.
This altar belongs to (a) Uskayaw, (b) Qazlal or (c) Elyvilon, but you can't tell which.
Press the corresponding letter to learn more about a god, or press enter to convert or escape to cancel.
Okay, then.
Found a scroll labelled BETWIO QODIE.
Found a scroll labelled BETWIO QODIE.
Found a scroll labelled JATHAC FOHA.
Found a scroll labelled BETWIO QODIE.
l - a scroll labelled BETWIO QODIE
l - 2 scrolls labelled BETWIO QODIE (gained 1)
m - a scroll labelled JATHAC FOHA
l - 3 scrolls labelled BETWIO QODIE (gained 1) Done exploring.
Done exploring.
Done exploring.
Done exploring.
Done exploring.
Done exploring.
Done exploring.
Search for what [? for help]? .
There is an escape hatch in the floor here.
You slide downwards.
The hatch slams shut behind you.
The gnoll shouts! x3
The blast of sand hits the gnoll!
The gnoll is almost dead.
The gnoll hits you with a +0 whip.
The blast of sand hits the gnoll!
You kill the gnoll!
The gnoll hits you with a +0 whip. The gnoll closely misses you.
The giant cockroach bites you but does no damage.
The gnoll hits you with a +0 whip.
* * * LOW HITPOINT WARNING * * *
The gnoll closely misses you.
Found a scroll labelled GUETOTAUNU.
The gnoll hits you with a +0 whip of electrocution.
You die...

.. .# . #. .###
..# #.#
#.#####@#
#....)gB#
##.....#.....?.
.......g+..###..
###.....#.##
#######.# .. ..
..


You could see 2 gnolls and a giant cockroach.

Vanquished Creatures
  A gnoll (D:2)
  A ball python (D:1)
  A bat (D:1)
  An endoplasm (D:1)
  2 goblins (D:1)
  2 hobgoblins (D:1)
  A rat (D:1)
9 creatures vanquished.

Notes
Turn   | Place    | Note
-------+----------+-------------------------------------------
     0 | D:1      | Heoruswealwe the Deep Elf Earth Elementalist began the
                  | quest for the Orb.
     0 | D:1      | Reached XP level 1. HP: 10/10 MP: 6/6
   294 | D:1      | Reached XP level 2. HP: 15/15 MP: 2/8
   297 | D:1      | Learned a level 2 spell: Passwall
   415 | D:1      | Found a faded altar of an unknown god.
   578 | D:2      | Slain by a gnoll

Illustrated notes

Levels and vault maps discovered:
D:1:      onia_arrival_pyramid, layout_rooms,
          ebering_ecumenical_altar_sacrificial, grunt_decor_clamped,
          nicolae_figureground_pulse
D:2:      layout_basic, uniq_robin, uniq_natasha

Action                     || total
---------------------------++-------
   Cast: Sandblast         ||    11
 Armour: Robe              ||     2
  Dodge: Dodged            ||     3
